AoeStats
← kick/vitalyrocky

Arena

508617718Analyzed
1v1 RM · 10d ago on Sep 23, 2026· 20m 42s· 2 players
Game mode
Random Map
Map size
Tiny (2 player)
Population
200
Speed
Normal
Resources
Standard
Victory
Conquest
Starting age
Dark Age
Ending age
Imperial Age
RankedLock teamsTeams togetherTeam positionsShared explorationLock speedFull tech treeHidden civsTurbo modeCheats
Victory
Defeat
🇺🇸 Gurjaras · United States
1108
+17
🇨🇳 Saxons · China
1138
-17
kick/vitalyrocky
6:33 Loom
9:14 Feudal Age
13:05 Castle Age
13:10 Double-Bit Axe
CBMP
10:36 Feudal Age
12:31 Double-Bit Axe
14:56 Loom
18:48 Castle Age
17:08 Man-at-Arms
18:37 Scale Mail Armor
18:55 Long Swordsman
19:59 Light Cavalry
Connection lost

Rejoining the realm…

Still unreachable

The connection could not be restored.

Session expired

The server has moved on; the page needs a fresh start.